 Dungeon Crawl Stone Soup version 0.25-a0-1119-g28b6fd0c3b (webtiles) character file.

Game seed: 7953528896337401337, levelgen mode: classic

1442 Amnesiac the Skirmisher (level 8, -4/83 HPs)
             Began as an Ogre Wizard on May 19, 2020.
             Was a Priest of Wu Jian.
             Shot with an arrow by a centaur (17 damage)
             ... on level 6 of the Dungeon.
             The game lasted 00:14:17 (5396 turns).

Amnesiac the Skirmisher (Ogre Wizard)               Turns: 5396, Time: 00:14:17

Health: -4/83      AC:  4    Str: 12    XL:     8   Next: 74%
Magic:  15/15      EV: 10    Int: 19    God:    Wu Jian [***...]
Gold:   11         SH:  0    Dex:  9    Spells: 6/17 levels left

rFire    . . .     SeeInvis +   a - +0 giant club
rCold    . . .     Gourm    .   (shield currently unavailable)
rNeg     . . .     Faith    +   t - +0 robe
rPois    .         Spirit   .   w - +0 hat
rElec    .         Reflect  .   l - +0 cloak
rCorr    .         Harm     .   (gloves unavailable)
MR       .....                  (boots unavailable)
Stlth    ++........             q - amulet of faith
HPRegen  0.23/turn              v - ring of see invisible
MPRegen  0.14/turn              (no ring)

@: no status effects
A: large, unfitting armour, tough skin 1
a: Wall Jump, Serpent's Lash, Renounce Religion


You were on level 6 of the Dungeon.
You worshipped Wu Jian.
Wu Jian was most pleased with you.
You were not hungry.

You visited 1 branch of the dungeon, and saw 6 of its levels.
You also visited: Ossuary.

You collected 179 gold pieces.
You spent 168 gold pieces at shops.

Inventory:

Hand Weapons
 a - a +0 giant club (weapon)
 b - a +1 vorpal mace
Missiles
 g - 17 poisoned darts (quivered)
Armour
 l - a +0 cloak (worn)
 t - a +0 robe (worn)
 w - a +0 hat (worn)
Magical Staves
 e - an uncursed staff of cold
Jewellery
 q - an amulet of faith (around neck)
 v - a ring of see invisible (left hand)
Scrolls
 c - a scroll of teleportation {!r, unknown}
 j - 3 scrolls of remove curse {!r}
 p - a scroll of blinking {!r, unknown}
 s - a scroll of enchant armour {!r, unknown}
 y - a scroll of fear {!r}
Potions
 f - a potion of mutation {!q, unknown}
 h - a potion of haste {!q, unknown}
 i - 3 potions of stabbing {!q, unknown}
 k - 2 potions of berserk rage {!q}
 m - 4 potions of curing {!q}
 o - 3 potions of heal wounds {!q, unknown}
 r - 2 potions of brilliance {!q, unknown}
 x - 2 potions of invisibility {!q, unknown}
 A - a potion of ambrosia {!q, unknown}
 B - 2 potions of flight {!q}
Comestibles
 d - 8 rations
 n - 2 chunks of flesh


   Skills:
 + Level 6.1 Fighting
 * Level 5.9 Maces & Flails
 - Level 1.7 Dodging
 - Level 2.0 Stealth
 - Level 5.0 Spellcasting
 - Level 5.0 Conjurations
 - Level 0.8 Summonings
 - Level 0.8 Translocations


You had 6 spell levels left.
You knew the following spells:

 Your Spells              Type           Power        Failure   Level  Hunger
a - Magic Dart            Conj           ###.         1%          1    None
b - Call Imp              Summ           #.......     13%         2    #......
e - Mephitic Cloud        Conj/Pois/Air  ##......     19%         3    ##.....
s - Conjure Flame         Conj/Fire      ##......     13%         3    ##.....
v - Blink                 Tloc           N/A          13%         2    #......

Your spell library contained the following spells:

 Spells                   Type           Power        Failure   Level  Hunger
 Slow                     Hex            #.......     19%         2    #......


Dungeon Overview and Level Annotations

Branches:
Dungeon (6/15)             Temple (0/1) D:4         Ossuary (visited)

Altars:
Ashenzari
Cheibriados
Dithmenos
Qazlal
Ru
Wu Jian
Xom
The Shining One

Shops:
D:5 !


Innate Abilities, Weirdness & Mutations

You are too large for most types of armour.
You have tough skin. (AC +1)


Message History

The hound bites you.
You closely miss the hound. The hound bites you.
The hound bites you but does no damage.
You closely miss the hound. The hound barely misses you.
The hound closely misses you.
You sock the hound!
The hound is heavily wounded.
The hound bites you but does no damage. x2
You bludgeon the hound!!
You kill the hound!
The Council accepts your kill.
Your Fighting skill increases to level 6!
e - an uncursed staff of cold (weapon)
a - a +0 giant club (weapon)
A worker ant comes into view. 2 gnolls come into view.
The gnoll moves out of view.
Found a club.
The gnoll shouts! x2
The worker ant twitches its antennae in your direction.
A gnoll comes into view. It is wielding a +0 spear.
You see here 3 gold pieces.
You now have 11 gold pieces (gained 3).
The gnoll barely misses you.
Found 14 gold pieces.
You barely miss the gnoll. The gnoll hits you with a +0 spear.
You barely miss the gnoll. The gnoll hits you with a +0 spear. x2
You bludgeon the gnoll!!
You kill the gnoll!
The Council accepts your kill.
A howler monkey comes into view.
You barely miss the worker ant. The worker ant barely misses you.
The gnoll hits you from afar with a +0 spear!
The worker ant bites you but does no damage.
You spin and attack the worker ant.
You bludgeon the worker ant!!
You kill the worker ant!
The Council accepts your kill.
The gnoll hits you from afar with a +0 spear.
The gnoll hits you with a +0 spear!
The gnoll hits you from afar with a +0 spear.
You spin and attack the howler monkey.
You closely miss the howler monkey.
You spin to attack the gnoll, but your attack speed is too slow for a blow to land.
The howler monkey hits you.
* * * LOW HITPOINT WARNING * * *
The gnoll hits you with a +0 spear.
* * * LOW HITPOINT WARNING * * *
The gnoll hits you from afar with a +0 spear!
* * * LOW HITPOINT WARNING * * *
There is a stone staircase leading down, spattered with blood here.
The howler monkey hoots and howls with incredible vigour!
The gnoll hits you but does no damage.
You hear a shout! x7; You hear a loud, deep croak!
You hear a shout!
The howler monkey hits you!
* * * LOW HITPOINT WARNING * * *
A centaur comes into view.
The centaur shouts!
The centaur wields a +0 shortbow.
The centaur shoots an arrow.
The arrow hits you!
* * * LOW HITPOINT WARNING * * *
There is a stone staircase leading up here.
You see here an arrow.
The howler monkey hits you.
* * * LOW HITPOINT WARNING * * *
The centaur shoots an arrow.
The arrow hits you!
You die...

..... ....... ... ....
......###.## ... #
..........# ...
..##........# ##.#
............## ..#
.............###.# .#
..#.........#.#h@##....
............#.g.........
......#.....g...........
##...####)>.............
....####†..........c.#..
).................#### .
...##..#...........#
.#..........#.......#
.###...##(####.#......


You could see a centaur, a howler monkey and 2 gnolls.

Vanquished Creatures
  An ice beast (D:5)
  2 phantoms
  2 ogres
  2 elf zombies (Ossuary)
  A crimson imp (D:5)
  A human zombie (Ossuary)
  A bullfrog zombie (D:5)
  A bullfrog skeleton (D:5)
  A hound (D:6)
  2 orc priests
  3 orc wizards
  2 worker ants
  A killer bee zombie (D:5)
  A big kobold zombie (Ossuary)
  2 mummies (Ossuary)
  4 adders
  A gnoll (D:6)
  2 oozes
  An adder zombie (Ossuary)
  A worm (D:2)
  2 leopard geckos
  15 orcs
  3 giant cockroaches
  8 goblins
  3 hobgoblins
  13 jackals
  2 quokkas
  10 bats
  2 frilled lizards (D:1)
  A goblin zombie (Ossuary)
  12 hobgoblin zombies (Ossuary)
  6 kobolds
  7 kobold zombies (Ossuary)
  A leopard gecko skeleton (D:5)
  7 orc zombies (Ossuary)
  4 rats
  5 rat zombies
133 creatures vanquished.

Vanquished Creatures (collateral kills)
  Grinder (D:5)
  Sigmund (D:2)
  An ogre (D:4)
  2 adders (D:2)
  A worm (D:2)
  A hobgoblin (D:2)
  A kobold (D:2)
  A bat (D:2)
9 creatures vanquished.

Grand Total: 142 creatures vanquished

Notes
Turn   | Place    | Note
-------+----------+-------------------------------------------
     0 | D:1      | Amnesiac the Ogre Wizard began the quest for the Orb.
     0 | D:1      | Reached XP level 1. HP: 16/16 MP: 5/5
    23 | D:1      | Reached skill level 1 in Conjurations
    88 | D:1      | Reached XP level 2. HP: 25/26 MP: 0/6
    92 | D:1      | Learned a level 2 spell: Blink
    95 | D:1      | Learned a level 2 spell: Call Imp
   167 | D:1      | Reached skill level 1 in Fighting
   501 | D:2      | Reached XP level 3. HP: 27/33 MP: 1/8
   502 | D:2      | Reached skill level 1 in Maces & Flails
   573 | D:2      | Noticed Sigmund
   583 | D:2      | Learned a level 3 spell: Mephitic Cloud
   610 | D:2      | Killed Sigmund
   610 | D:2      | Reached skill level 2 in Fighting
   610 | D:2      | Reached XP level 4. HP: 19/44 MP: 3/10
   610 | D:2      | Reached XP level 5. HP: 22/50 MP: 3/11
   726 | D:2      | Noticed a phantom
   923 | D:2      | Learned a level 3 spell: Conjure Flame
  1135 | D:2      | Found an ornate altar of the Wu Jian Council.
  1135 | D:2      | Found a sacrificial altar of Ru.
  1178 | D:2      | Became a worshipper of the Wu Jian Council
  1198 | D:2      | Found a shimmering altar of Xom.
  1198 | D:2      | Found a shattered altar of Ashenzari.
  1200 | D:2      | Found a glowing golden altar of the Shining One.
  1202 | D:2      | Found a snail-covered altar of Cheibriados.
  1619 | D:3      | Reached XP level 6. HP: 52/59 MP: 10/12
  1686 | D:3      | Reached skill level 3 in Fighting
  1946 | D:3      | Found a stormy altar of Qazlal.
  2123 | D:3      | Reached * piety under Wu Jian
  2446 | D:4      | Found a staircase to the Ecumenical Temple.
  2768 | D:4      | Found a sand-covered staircase.
  2787 | Ossuary  | Entered an ossuary
  2848 | Ossuary  | Reached ** piety under Wu Jian
  2938 | Ossuary  | Reached XP level 7. HP: 62/67 MP: 14/14
  3298 | Ossuary  | Reached skill level 5 in Spellcasting
  3714 | D:4      | Found a shadowy altar of Dithmenos.
  3751 | D:5      | Entered Level 5 of the Dungeon
  3790 | D:4      | Reached skill level 4 in Fighting
  3950 | D:1      | Reached XP level 8. HP: 16/79 MP: 9/15
  4318 | D:5      | Found Hyocvit's Distillery.
  4507 | D:5      | Noticed Grinder
  4539 | D:5      | Found a shattered altar of Ashenzari.
  4579 | D:5      | Reached *** piety under Wu Jian
  4579 | D:5      | Reached skill level 5 in Fighting
  4579 | D:5      | Reached skill level 5 in Conjurations
  4643 | D:5      | Bought a potion of degeneration for 14 gold pieces
  4643 | D:5      | Bought a potion of curing for 42 gold pieces
  4643 | D:5      | Bought a potion of berserk rage for 70 gold pieces
  4678 | D:5      | Paralysed by Grinder for 3 turns
  4689 | D:5      | Killed Grinder
  4689 | D:5      | Reached skill level 5 in Maces & Flails
  5331 | D:5      | Bought a potion of flight for 42 gold pieces
  5367 | D:6      | Reached skill level 6 in Fighting
  5396 | D:6      | Shot with an arrow by a centaur

Illustrated notes

Levels and vault maps discovered:
D:1:      dpeg_arrival_windows_large_door, layout_rooms
D:2:      layout_rooms, minitemple, minivault_19, uniq_sigmund
D:3:      layout_basic, first_ration, nicolae_qazlal_general_emergency
D:4:      layout_loops_ring, nicolae_dithmenos_through_a_glass_darkly,
          minmay_temple_entry_statues_fountains, enter_ossuary_4
D:5:      layout_loops_ring, serial_shops, nicolae_shop_statue_plus,
          ashenzari_altar_1, uniq_grinder
D:6:      layout_cave_pools, dancing_weapons_uskayaw, minmay_misc_feat_room

Skill      XL: |  1  2  3  4  5  6  7  8 |
---------------+-------------------------+-----
Conjurations   | 1 2 3 4 5 |  5.0
Fighting       | 1 2 3 4 6 |  6.1
Maces & Flails | 2 3 4 5 |  5.9
Spellcasting   | 4 5 |  5.0
Stealth        | 2 |  2.0
Dodging        | |  1.7
Summonings     | |  0.8
Translocations | |  0.8

Action                   |  1- 3 |  4- 6 |  7- 9 || total
-------------------------+-------+-------+-------++-------
Melee: Whip              |    54 |    50 |       ||   104
       Mace              |       |   118 |   154 ||   272
       Giant club        |       |       |    44 ||    44
 Cast: Magic Dart        |    39 |    79 |    33 ||   151
       Call Imp          |     3 |     2 |     8 ||    13
       Mephitic Cloud    |     1 |     5 |     6 ||    12
       Conjure Flame     |       |       |     6 ||     6
       Blink             |       |       |     4 ||     4
Invok: Lunge             |       |     7 |     5 ||    12
       Whirlwind         |       |     1 |    24 ||    25
  Use: Scroll            |       |       |     4 ||     4
 Stab: Sleeping          |       |     2 |     1 ||     3
       Confused          |       |     1 |     4 ||     5
  Eat: Chunk             |       |     7 |     6 ||    13
       Ration            |       |       |     1 ||     1
Armor: Robe              |    37 |    76 |    42 ||   155
Dodge: Dodged            |    53 |   105 |   104 ||   262

Table legend:
 A = Non-vault XP
 B = Vault XP
 C = Vault XP percentage of total XP
 D = Non-vault monster count
 E = Vault monster count
 F = Vault count percentage of total count
                 A         B        C        D         E       F
            +---------+---------+-------+---------+---------+-------
      Total |    1384 |     676 |  32.8 |     101 |      41 |  28.9
            +---------+---------+-------+---------+---------+-------
        D:1 |     157 |       0 |   0.0 |      23 |       0 |   0.0
        D:2 |      84 |     157 |  65.1 |      22 |       1 |   4.3
        D:3 |     187 |       0 |   0.0 |      28 |       0 |   0.0
        D:4 |     237 |       2 |   0.8 |       8 |       2 |  20.0
        D:5 |     630 |     193 |  23.5 |      17 |       1 |   5.6
        D:6 |      89 |       0 |   0.0 |       3 |       0 |   0.0
    Ossuary |       0 |     324 | 100.0 |       0 |      37 | 100.0
            +---------+---------+-------+---------+---------+-------
